 Dungeon Crawl Stone Soup version 0.30.1-3-gfc49f6343a (webtiles) character file.

Game seed: 16669993672257274556

7088 leafyfresh the Covert (level 11, 0/100 HPs)
             Began as a Gnoll Delver on Aug 4, 2023.
             Was a Believer of Ashenzari.
             Slain by a centaur warrior simulacrum (25 damage)
             ... in a Gauntlet.
             The game lasted 00:41:51 (11127 turns).

leafyfresh the Covert (Gnoll Delver)               Turns: 11127, Time: 00:41:51

Health: 0/100      AC: 10    Str: 12    XL:     11   Next: 9%
Magic:  24/24      EV: 21    Int: 11    God:    Ashenzari [**....]
Gold:   699        SH:  0    Dex: 16    Spells: 8/24 levels left

rFire   + . .        v - +5 whip (vamp)
rCold   . . .        I - +0 buckler
rNeg    . . .        Q - +0 steam dragon scales
rPois   .            (helmet restricted)
rElec   .            B - +0 cloak of Ouranomancy {Elem, Comp} (curse)
rCorr   .            p - +1 Delatra's gloves {ID++, Self, Fort} (curse)
SInv    +            (no boots)
Will    .....        z - amulet "Astral Omen" {Reflect SH+5, Melee, Comp} (curse)
Stlth   ++           l - ring of Curses and Power {EV+5, Fort, Cun} (curse)
HPRegen 0.36/turn    K - ring of protection from fire
MPRegen 0.19/turn

%: no teleportation, random rage (3%), reflection
@: confused, mighty, ambrosia-drunk
A: fangs 1, strong nose, distributed training, horns 1, berserk 1, high MP 1,
robust 1
a: Renounce Religion, Shatter the Chains


You were in a Gauntlet.
You worshipped Ashenzari.
Ashenzari was pleased with you.
You visited 2 branches of the dungeon, and saw 12 of its levels.
You also visited: Gauntlet.

You collected 699 gold pieces.

Inventory:

Hand Weapons
 h - a +2 sling of flaming
 v - a +5 vampiric whip (weapon)
Missiles
 i - 6 throwing nets (quivered)
 J - 10 poisoned darts
Armour
 a - a +0 plate armour of cold resistance
 p - the cursed +1 Delatra's gloves (worn) {ID++, Self, Fort}
   (You found it on level 2 of the Dungeon)

   ID++:      It heals its wearer when they drink unknown potions, and restores
   their MP when they read unknown scrolls.
   It has a curse which improves the following skills: Introspection: Fighting
   and Spellcasting.
   Fortitude: Armour and Shields.
 B - the cursed +0 cloak of Ouranomancy (worn) {Elem, Comp}
   (You found it on level 3 of the Dungeon)

   It has a curse which improves the following skills: Elements: Fire Magic, Ice
   Magic, Air Magic and Earth Magic.
   Companions: Summonings and Necromancy.
 I - a +0 buckler (worn)
 Q - +0 steam dragon scales (worn)
Magical Staves
 O - a staff of earth
Jewellery
 l - the cursed ring of Curses and Power (left hand) {EV+5, Fort, Cun}
   (You found it on level 3 of the Dungeon)

   [ring of evasion]

   EV:        It affects your evasion (+5).
   It has a curse which improves the following skills: Fortitude: Armour and
   Shields.
   Cunning:   Dodging and Stealth.
 z - the cursed amulet "Astral Omen" (around neck) {Reflect SH+5, Melee, Comp}
   (You found it on level 3 of the Dungeon)

   [amulet of reflection]

   It reflects blocked missile attacks.
   SH:        It affects your SH (+5).
   It has a curse which improves the following skills: Melee Combat: Short
   Blades, Long Blades, Axes, Maces & Flails, Polearms, Staves and Unarmed
   Combat.
   Companions: Summonings and Necromancy.
 K - a ring of protection from fire (right hand)
Wands
 f - a wand of quicksilver (16)
 g - a wand of digging (6)
 D - a wand of flame (12)
Scrolls
 c - 2 scrolls of fog
 d - 4 scrolls of magic mapping
 e - a scroll of fear
 m - 8 scrolls of teleportation
 n - 3 scrolls of noise
 r - a scroll of amnesia
 u - 6 scrolls of identify
 y - a scroll of poison
 C - a scroll of brand weapon
 F - a scroll of silence
 G - a scroll of torment
 H - 2 scrolls of blinking
Potions
 b - a potion of might
 k - a potion of invisibility
 o - a potion of curing
 x - a potion of cancellation
 E - 3 potions of haste
 L - 2 potions of flight
 P - a potion of attraction


   Skills:
 + Level 9.1(10.2) Fighting
 + Level 7.8(9.0) Short Blades
 + Level 6.2(7.3) Long Blades
 + Level 6.2(7.3) Axes
 + Level 6.2(7.3) Maces & Flails
 + Level 6.2(7.3) Polearms
 + Level 6.2(7.3) Staves
 + Level 6.2 Ranged Weapons
 + Level 6.2 Throwing
 + Level 6.2(7.9) Armour
 + Level 7.8(9.0) Dodging
 + Level 11.4(12.5) Stealth
 + Level 6.2(7.9) Shields
 + Level 6.2(7.3) Unarmed Combat
 + Level 6.2(7.3) Spellcasting
 + Level 5.1 Conjurations
 + Level 5.1 Hexes
 + Level 5.1(6.8) Summonings
 + Level 5.1(6.8) Necromancy
 + Level 5.1 Translocations
 + Level 5.1 Transmutations
 + Level 5.1(6.2) Fire Magic
 + Level 5.1(6.2) Ice Magic
 + Level 5.1(6.2) Air Magic
 + Level 5.1(6.2) Earth Magic
 + Level 5.1 Poison Magic
 + Level 6.8 Invocations
 + Level 6.2 Evocations


You had 8 spell levels left.
You knew the following spells:

 Your Spells              Type           Power      Damage    Failure   Level
a - Frozen Ramparts       Ice            34%        1d6       4%          3
b - Hailstorm             Conj/Ice       16%        3d6       6%          3
c - Summon Ice Beast      Ice/Summ       18%        N/A       14%         4
d - Scorch                Fire           34%        2d6       2%          2
e - Flame Wave            Conj/Fire      16%        2d7       21%         4

Your spell library contained the following spells:

 Spells                   Type           Power      Damage    Failure   Level
 Freeze                   Ice            68%        1d8       1%          1
 Summon Small Mammal      Summ           76%        N/A       1%          1
 Magic Dart               Conj           60%        1d6       2%          1
 Call Canine Familiar     Summ           19%        N/A       3%          3
 Searing Ray              Conj           30%        2d5       4%          2
 Summon Guardian Golem    Hex/Summ       17%        N/A       5%          3
 Portal Projectile        Hex/Tloc       30%        N/A       8%          3
 Tukima's Dance           Hex            15%        N/A       8%          3
 Ice Form                 Ice/Tmut       16%        N/A       21%         4
 Fulminant Prism          Conj/Hex       7%         3d6       26%         4
 Blade Hands              Tmut           7%         N/A       58%         5
 Summon Cactus Giant      Summ           9%         N/A       89%         6
 Chain Lightning          Conj/Air       8%         3d10      100%        9
 Fire Storm               Conj/Fire      8%         8d2       100%        9
 Shatter                  Erth           8%         3d10*     100%        9


Dungeon Overview and Level Annotations

Branches:
Dungeon (11/15)            Temple (1/1) D:4            Lair (0/5) D:8
    Orc (0/2) D:9         Gauntlet (1/1)

Altars:
Ashenzari
Cheibriados
Dithmenos
Elyvilon
Fedhas
Gozag
Hepliaklqana
Kikubaaqudgha
Makhleb
Nemelex Xobeh
Okawaru
Qazlal
Sif Muna
Trog
Uskayaw
Vehumet
Wu Jian
Xom
Yredelemnul
Zin
The Shining One

Shops:
D:5 *   D:8 :   D:10 (

Annotations:
D:5 3 runed translucent doors, Fodor's ghost, novice MiFi Gauntlet 15 transporters, 21 runed translucent doors, exclusion: ice statue


Innate Abilities, Weirdness & Mutations

You have very sharp teeth.
Your uncanny sense of smell can sniff out nearby items.
Your experience applies equally to all skills.
You have a pair of small horns on your head.
You sometimes lose your temper in combat.
You have an increased reservoir of magic. (+10% MP)
You are robust. (+10% HP)


Message History

The centaur warrior simulacrum barely misses you.
The centaur warrior simulacrum kicks you but does no damage.
Your ice beast hits the hornet simulacrum.
Your ice beast freezes the hornet simulacrum.
The hornet simulacrum completely resists.
Unknown command.
Press: ? - help, v - describe, . - travel
Here: a centaur warrior simulacrum The floor.
Unknown command.
You are confused.
You feel invigorated.
The centaur warrior simulacrum hits you but does no damage.
The centaur warrior simulacrum barely misses you.
The centaur warrior simulacrum misses you.
The centaur warrior simulacrum completely misses you.
Unknown command.
You bump into the translucent stone wall.
Something hits your ice beast. Something freezes your ice beast.
Your ice beast completely resists.
Something misses your ice beast. Something barely misses your ice beast.
Something kicks your ice beast. Something freezes your ice beast.
Your ice beast completely resists.
The centaur warrior simulacrum closely misses you.
The centaur warrior simulacrum kicks you.
The centaur warrior simulacrum freezes you!
* * * LOW HITPOINT WARNING * * *
Something closely misses your ice beast.
Something misses your ice beast.
Your ice beast closely misses the hornet simulacrum.
You whack the centaur warrior simulacrum!
You headbutt the centaur warrior simulacrum.
The centaur warrior simulacrum is heavily damaged.
Something hits your ice beast. Something freezes your ice beast.
Your ice beast completely resists.
Something closely misses your ice beast.
The centaur warrior simulacrum hits you.
* * * LOW HITPOINT WARNING * * *
The centaur warrior simulacrum freezes you!!
You die...

##### ### ### ### ### #≈∩≈# ##
#8# #8# #8# #8# #...# #8
###################.∩.#####
#≈.........................
###...................©......
#8#..###########.###########.
###..#....ZZ@..#.#..#.##..##.
#....#..##Y##..#.###..#.##.#.
###....#[##.{{##.#.##.#..##.©#.
#8#..###.#.....#.#.###..#....#.
###..#©#©..Z©....#.#####...###.
#..#.#!#.....#.#.#....##...#. #
###..#.#.##...##.#.##.####..##. #
#8#..#.#..##.##{.#.#..#..#.###.
#####..#.#..Z....Z.#.#....©?#.##.


You could see a hornet simulacrum (ally target), a centaur warrior simulacrum
and a friendly ice beast (summoned).

Vanquished Creatures
  Pikel (D:8)
  A nameless horror (D:8)
  An ice devil (Gauntlet)
  Grinder (D:3)
  A hornet (D:8)
  A centaur simulacrum (D:10)
  A shadow (D:11)
  A wyvern (D:9)
  2 yaks (D:8)
  2 steam dragons
  An acid dragon (D:10)
  2 water moccasins (D:8)
  6 black bears (D:8)
  2 ogres
  2 lemures (D:8)
  4 phantoms
  6 centaurs
  2 kobold brigands
  6 bullfrogs
  2 scorpions
  2 gnoll sergeants
  5 necrophages (D:8)
  A wyvern zombie (D:8)
  13 wights
  2 killer bees (D:9)
  3 howler monkeys
  5 jellies
  3 gnoll boudas
  2 orc priests (D:9)
  4 hounds
  3 iguanas
  Terence (D:3)
  9 orc wizards
  23 gnolls
  12 adders
  A shadow imp (D:7)
  3 white imps (Gauntlet)
  5 worms
  5 dart slugs
  19 orcs
  12 ball pythons
  4 bats
  5 endoplasms
  2 giant cockroaches (D:1)
  7 hobgoblins
  7 jackals
  5 quokkas
  10 frilled lizards
  5 goblins
  14 kobolds
  10 rats
247 creatures vanquished.

Notes
Turn   | Place    | Note
-------+----------+-------------------------------------------
     0 | D:5      | Reached skill level 9 in Stealth
     0 | D:5      | leafyfresh the Gnoll Delver began the quest for the Orb.
     0 | D:5      | Reached XP level 1. HP: 23/23 MP: 1/1
    38 | D:5      | Noticed an orc wizard
    84 | D:5      | Found Ojyurun's Assorted Antiques.
   123 | D:5      | Reached XP level 2. HP: 29/29 MP: 2/2
   183 | D:4      | Found a staircase to the Ecumenical Temple.
   196 | Temple   | Entered the Ecumenical Temple
   201 | Temple   | Became a worshipper of Ashenzari the Shackled
   343 | D:4      | Noticed a phantom
   389 | D:4      | Reached XP level 3. HP: 27/35 MP: 3/3
   391 | D:4      | Killed a phantom
   392 | D:4      | Reached skill level 1 in Long Blades
   392 | D:4      | Reached skill level 1 in Axes
   392 | D:4      | Reached skill level 1 in Maces & Flails
   392 | D:4      | Reached skill level 1 in Polearms
   392 | D:4      | Reached skill level 1 in Staves
   392 | D:4      | Reached skill level 1 in Ranged Weapons
   392 | D:4      | Reached skill level 1 in Throwing
   392 | D:4      | Reached skill level 1 in Armour
   392 | D:4      | Reached skill level 1 in Shields
   392 | D:4      | Reached skill level 1 in Unarmed Combat
   392 | D:4      | Reached skill level 1 in Spellcasting
   392 | D:4      | Reached skill level 1 in Conjurations
   392 | D:4      | Reached skill level 1 in Hexes
   392 | D:4      | Reached skill level 1 in Summonings
   392 | D:4      | Reached skill level 1 in Necromancy
   392 | D:4      | Reached skill level 1 in Translocations
   392 | D:4      | Reached skill level 1 in Transmutations
   392 | D:4      | Reached skill level 1 in Fire Magic
   392 | D:4      | Reached skill level 1 in Ice Magic
   392 | D:4      | Reached skill level 1 in Air Magic
   392 | D:4      | Reached skill level 1 in Earth Magic
   392 | D:4      | Reached skill level 1 in Poison Magic
   392 | D:4      | Reached skill level 1 in Invocations
   392 | D:4      | Reached skill level 1 in Evocations
   392 | D:4      | Reached XP level 4. HP: 29/41 MP: 3/5
   735 | D:3      | Reached XP level 5. HP: 36/47 MP: 7/7
   984 | D:3      | Noticed Terence
  1440 | D:2      | Found the +1 Delatra's gloves {ID++}
  1481 | D:2      | Found a blossoming altar of Fedhas.
  2284 | D:1      | Reached XP level 6. HP: 51/53 MP: 8/8
  2480 | D:3      | Killed Terence
  2481 | D:3      | Reached skill level 5 in Short Blades
  2481 | D:3      | Reached skill level 5 in Dodging
  3029 | D:3      | Noticed Grinder
  3053 | D:3      | Killed Grinder
  3054 | D:3      | Reached XP level 7. HP: 53/60 MP: 10/10
  3619 | D:4      | Reached skill level 10 in Stealth
  3807 | D:5      | Reached XP level 8. HP: 67/67 MP: 12/12
  4132 | D:5      | Found a runed translucent gate.
  4132 | D:5      | Found a runed translucent gate.
  4132 | D:5      | Found a runed translucent gate.
  4137 | D:5      | Noticed Fodor's ghost (novice MiFi)
  4995 | D:6      | Learned a level 3 spell: Frozen Ramparts
  4999 | D:6      | Learned a level 3 spell: Hailstorm
  5032 | D:7      | Reached XP level 9. HP: 73/73 MP: 14/14
  5874 | D:7      | Reached skill level 5 in Invocations
  6595 | D:8      | Noticed a hornet
  6616 | D:8      | Killed a hornet
  7103 | D:8      | Reached skill level 5 in Long Blades
  7103 | D:8      | Reached skill level 5 in Axes
  7103 | D:8      | Reached skill level 5 in Maces & Flails
  7103 | D:8      | Reached skill level 5 in Polearms
  7103 | D:8      | Reached skill level 5 in Staves
  7103 | D:8      | Reached skill level 5 in Ranged Weapons
  7103 | D:8      | Reached skill level 5 in Throwing
  7103 | D:8      | Reached skill level 5 in Armour
  7103 | D:8      | Reached skill level 5 in Shields
  7103 | D:8      | Reached skill level 5 in Unarmed Combat
  7103 | D:8      | Reached skill level 5 in Spellcasting
  7103 | D:8      | Reached skill level 5 in Evocations
  7103 | D:8      | Reached XP level 10. HP: 81/81 MP: 3/17
  7162 | D:8      | Noticed Pikel
  7463 | D:7      | Learned a level 4 spell: Summon Ice Beast
  7482 | D:8      | Noticed a nameless horror
  7492 | D:8      | Killed Pikel
  7497 | D:8      | Killed a nameless horror
  7690 | D:8      | Reached skill level 11 in Stealth
  7741 | D:8      | Found a staircase to the Lair.
  7957 | D:8      | Found Caitain's Book Shop.
  8122 | D:8      | Found a blossoming altar of Fedhas.
  8511 | D:9      | Found a staircase to the Orcish Mines.
  9069 | D:9      | Found an opulent altar of Gozag.
  9071 | D:9      | Found a shimmering altar of Xom.
  9455 | D:10     | Entered Level 10 of the Dungeon
  9493 | D:10     | Found Iphimieso's Antique Weapon Shop.
  9534 | D:10     | Reached * piety under Ashenzari
  9535 | D:10     | Gained mutation: You have a pair of small horns on your
                  | head. [potion of mutation]
  9535 | D:10     | Gained mutation: You have an increased reservoir of magic.
                  | (+10% MP) [potion of mutation]
  9535 | D:10     | Gained mutation: You sometimes lose your temper in combat.
                  | [potion of mutation]
  9535 | D:10     | Gained mutation: You are robust. (+10% HP) [potion of
                  | mutation]
  9580 | D:10     | Found an iron altar of Okawaru.
  9639 | D:10     | Found a shadowy altar of Dithmenos.
 10049 | D:10     | Reached skill level 5 in Conjurations
 10049 | D:10     | Reached skill level 5 in Hexes
 10049 | D:10     | Reached skill level 5 in Summonings
 10049 | D:10     | Reached skill level 5 in Necromancy
 10049 | D:10     | Reached skill level 5 in Translocations
 10049 | D:10     | Reached skill level 5 in Transmutations
 10049 | D:10     | Reached skill level 5 in Fire Magic
 10049 | D:10     | Reached skill level 5 in Ice Magic
 10049 | D:10     | Reached skill level 5 in Air Magic
 10049 | D:10     | Reached skill level 5 in Earth Magic
 10049 | D:10     | Reached skill level 5 in Poison Magic
 10183 | D:10     | Reached XP level 11. HP: 89/96 MP: 22/22
 10239 | D:10     | Learned a level 2 spell: Scorch
 10393 | D:10     | Found a white marble altar of Elyvilon.
 10693 | D:11     | Found a gate leading to a gauntlet.
 10694 | D:11     | Reached ** piety under Ashenzari
 10701 | Gauntlet | Entered a Gauntlet
 10701 | Gauntlet | Found a transporter.
 10710 | Gauntlet | Found a transporter.
 10726 | Gauntlet | Found a transporter.
 10728 | Gauntlet | Found a large runed translucent door.
 10728 | Gauntlet | Found a large runed translucent door.
 10729 | Gauntlet | Found a large runed translucent door.
 10729 | Gauntlet | Found a large runed translucent door.
 10730 | Gauntlet | Found a large runed translucent door.
 10730 | Gauntlet | Found a large runed translucent door.
 10730 | Gauntlet | Found a runed translucent door.
 10730 | Gauntlet | Found a runed translucent door.
 10730 | Gauntlet | Found a large runed translucent door.
 10731 | Gauntlet | Found a transporter.
 10731 | Gauntlet | Found a large runed translucent door.
 10731 | Gauntlet | Found a large runed translucent door.
 10742 | Gauntlet | Noticed a blizzard demon
 10746 | Gauntlet | Found a transporter.
 10761 | Gauntlet | Found a large runed translucent door.
 10762 | Gauntlet | Found a large runed translucent door.
 10762 | Gauntlet | Noticed a cacodemon
 10763 | Gauntlet | Found a large runed translucent door.
 10764 | Gauntlet | Found a runed translucent gate.
 10765 | Gauntlet | Found a transporter.
 10765 | Gauntlet | Found a runed translucent gate.
 10766 | Gauntlet | Found a runed translucent gate.
 10767 | Gauntlet | Found a large runed translucent door.
 10768 | Gauntlet | Found a large runed translucent door.
 10769 | Gauntlet | Found a large runed translucent door.
 10776 | Gauntlet | Identified the +0 cloak "Buqaesui" {Harm Will+ Int+3}
 10777 | Gauntlet | Found a transporter.
 10778 | Gauntlet | Found a large runed translucent door.
 10782 | Gauntlet | Found a transporter.
 10784 | Gauntlet | Found a transporter.
 10797 | Gauntlet | Noticed a green ugly thing
 10800 | Gauntlet | Found the dreamshard necklace {*Dream Drain}
 10801 | Gauntlet | Found a transporter.
 10802 | Gauntlet | Noticed a glowing orange brain
 10803 | Gauntlet | Identified the +11 quarterstaff of Arrival {drain, rC+
                  | Str-3 Dex+3}
 10809 | Gauntlet | Noticed a sixfirhy
 10812 | Gauntlet | Identified the +0 pair of gloves of the Valley of Death
                  | {rElec rF+ rN+}
 10812 | Gauntlet | Noticed a sixfirhy
 10813 | Gauntlet | Found a transporter.
 10823 | Gauntlet | Identified the +3 pair of boots of Hesuacs {rC+ Str+4 Int-4
                  | SInv}
 10825 | Gauntlet | Found a transporter.
 10826 | Gauntlet | Noticed a large abomination
 10834 | Gauntlet | Noticed a large abomination
 10840 | Gauntlet | Found a transporter.
 10840 | Gauntlet | Found a transporter.
 10883 | Gauntlet | Found a transporter.
 10901 | Gauntlet | Learned a level 4 spell: Flame Wave
 10915 | Gauntlet | Found a transporter.
 10917 | Gauntlet | Found a transporter.
 10919 | Gauntlet | Found a transporter.
 11127 | Gauntlet | Slain by a centaur warrior simulacrum

Illustrated notes

Levels and vault maps discovered:
D:1:      ebering_trefoil_twist, layout_loops_ring
D:2:      layout_basic, basic_altar, minmay_between
D:3:      layout_loops_ring, amcnicky_mini_rare_corridor_liquid, uniq_terence,
          uniq_grinder
D:4:      layout_loops_ring, minmay_temple_entry_arrows
D:5:      layout_rooms, gammafunk_ghost_necromancy, serial_shops,
          nicolae_shop_behind_doors, minivault_5
D:6:      layout_cave_pools
D:7:      layout_loops_ring, grunt_ministairs_10
D:8:      layout_rooms, fedhas_altar_decomposition, due_lair_maze_entry_diamond,
          serial_shops, shop, uniq_pikel
D:9:      layout_roguey, nicolae_overflow_hidden_temple, orc_0_dummy,
          grunt_ministairs_13, st_stairs_14
D:10:     layout_basic, overflow_temple_1_default, lemuel_tele_altar,
          nicolae_elyvilon_temple_path, serial_shops, nicolae_shop_stone
D:11:     layout_gridville, gauntlet_entry_generic, kennysheep_nondescript
Temple:   minmay_freezing_vapour_temple
Gauntlet: gammafunk_gauntlet_one_two_three [gammafunk_gauntlet_arena_mazey,
          gammafunk_gauntlet_arena_split_diamond,
          nicolae_gauntlet_arena_t_cross, nicolae_gauntlet_arena_blocks,
          nicolae_gauntlet_arena_grate_2, gammafunk_gauntlet_arena_teeth,
          gammafunk_gauntlet_arena_hedges,
          minmay_gauntlet_arena_make_your_own_arena,
          gammafunk_gauntlet_arena_corners, gauntlet_exit_hidden_loot]

Skill      XL: |  1  2  3  4  5  6  7  8  9 10 |
---------------+-------------------------------+-----
Stealth        | 10 11 | 11.4
Long Blades    | 1 2 3 5 6 |  6.2
Axes           | 1 2 3 5 6 |  6.2
Maces & Flails | 1 2 3 5 6 |  6.2
Polearms       | 1 2 3 5 6 |  6.2
Staves         | 1 2 3 5 6 |  6.2
Ranged Weapons | 1 2 3 5 6 |  6.2
Throwing       | 1 2 3 5 6 |  6.2
Armour         | 1 2 3 5 6 |  6.2
Shields        | 1 2 3 5 6 |  6.2
Unarmed Combat | 1 2 3 5 6 |  6.2
Spellcasting   | 1 2 3 5 6 |  6.2
Conjurations   | 1 2 3 4 5 |  5.1
Hexes          | 1 2 3 4 5 |  5.1
Summonings     | 1 2 3 4 5 |  5.1
Necromancy     | 1 2 3 4 5 |  5.1
Translocations | 1 2 3 4 5 |  5.1
Transmutations | 1 2 3 4 5 |  5.1
Fire Magic     | 1 2 3 4 5 |  5.1
Ice Magic      | 1 2 3 4 5 |  5.1
Air Magic      | 1 2 3 4 5 |  5.1
Earth Magic    | 1 2 3 4 5 |  5.1
Poison Magic   | 1 2 3 4 5 |  5.1
Invocations    | 1 2 3 4 5 6 |  6.8
Evocations     | 1 2 3 5 6 |  6.2
Short Blades   | 5 6 7 |  7.8
Dodging        | 5 6 7 |  7.8
Fighting       | 7 8 9 |  9.1

Action                     |  1- 3 |  4- 6 |  7- 9 | 10-12 || total
---------------------------+-------+-------+-------+-------++-------
  Melee: Short sword       |    15 |    14 |       |       ||    29
         Bite              |     1 |     4 |    65 |    53 ||   123
         Hand axe          |       |     4 |       |       ||     4
         Whip              |       |    16 |   471 |   374 ||   861
         Punch             |       |       |    18 |    17 ||    35
         Headbutt          |       |       |       |    29 ||    29
   Fire: Sling             |       |   167 |   101 |       ||   268
  Throw: Throwing net      |     1 |       |       |       ||     1
   Cast: Frozen Ramparts   |       |       |     6 |    22 ||    28
         Hailstorm         |       |       |     4 |     7 ||    11
         Summon Ice Beast  |       |       |       |     3 ||     3
         Scorch            |       |       |       |     4 ||     4
         Flame Wave        |       |       |       |     4 ||     4
 Invoke: Curse Item        |       |       |     1 |     3 ||     4
  Evoke: Wand              |     3 |       |     1 |    12 ||    16
    Use: Potion            |     1 |       |     1 |     7 ||     9
         Scroll            |       |       |     2 |     5 ||     7
   Stab: Sleeping          |     3 |     1 |     1 |     2 ||     7
         Distracted        |       |       |       |     2 ||     2
 Armour: Leather armour    |       |    12 |    75 |       ||    87
         Steam dragon scal |       |       |       |    72 ||    72
  Dodge: Dodged            |    12 |    70 |   372 |   310 ||   764
  Block: Other             |       |     2 |    99 |    65 ||   166
         Reflection        |       |       |     3 |     2 ||     5
         Buckler           |       |       |       |     7 ||     7
